 Dungeon Crawl Stone Soup version 0.30-a0-956-gcec3b41aec (webtiles) character file.

Game seed: 8741402587526656934

74 sasquatch the Gusty (level 4, -1/24 HPs)
             Began as a Tengu Air Elementalist on Mar 29, 2023.
             Slain by a sleepcap (3 damage)
             ... on level 3 of the Dungeon.
             The game lasted 00:04:04 (3052 turns).

sasquatch the Gusty (Tengu Air Elementalist)        Turns: 3052, Time: 00:04:04

Health: -1/24      AC:  4    Str:  8    XL:     4   Next: 30%
Magic:  7/8        EV: 12    Int: 18    God:
Gold:   154        SH:  5    Dex: 14    Spells: 2/8 levels left

rFire   + . .      SeeInvis .    (no weapon)
rCold   . . .      Faith    .    (no shield)
rNeg    . . .      Spirit   .    a - +0 robe
rPois   .          Reflect  +    (helmet restricted)
rElec   .          Rampage  .    e - +0 cloak
rCorr   .                        w - +0 pair of gloves
Will    .....                    (boots unavailable)
Stlth   ++                       t - amulet of reflection
HPRegen 0.24/turn                n - +4 ring of slaying
MPRegen 0.11/turn                r - ring of protection from fire

@: no status effects
A: beak, talons 3
a: no special abilities


You were on level 3 of the Dungeon.
You visited 1 branch of the dungeon, and saw 4 of its levels.

You collected 154 gold pieces.

Inventory:

Missiles
 q - 6 silver javelins
 u - 6 poisoned darts
Armour
 a - a +0 robe (worn)
 e - a +0 cloak (worn)
 w - a +0 pair of gloves (worn)
Jewellery
 n - a +4 ring of slaying (left hand)
 p - a +6 ring of dexterity
 r - a ring of protection from fire (right hand)
 t - an amulet of reflection (around neck)
Scrolls
 c - 3 scrolls of fear {unknown}
 d - a scroll of identify {unknown}
 h - 2 scrolls of immolation {unknown}
 i - 3 scrolls of teleportation {unknown}
 j - a scroll of poison {unknown}
 k - 2 scrolls of enchant armour {unknown}
 l - a scroll of blinking {unknown}
 s - a scroll of summoning {unknown}
Potions
 f - 3 potions of flight {unknown}
 g - a potion of ambrosia {unknown}
 m - 2 potions of haste {unknown}
 o - a potion of curing {unknown}
 v - a potion of cancellation {unknown}
 x - a potion of mutation {unknown}


   Skills:
 - Level 2.1 Dodging
 - Level 2.0 Stealth
 + Level 2.5 Spellcasting
 * Level 3.4 Conjurations
 * Level 5.2 Air Magic


You had 2 spell levels left.
You knew the following spells:

 Your Spells              Type           Power      Damage    Failure   Level
a - Shock                 Conj/Air       68%        1d7       3%          1
b - Static Discharge      Conj/Air       34%        2-4/arc   4%          2
c - Swiftness             Air            21%        N/A       6%          3

Your spell library contained the following spells:

 Spells                   Type           Power      Damage    Failure   Level
 Slow                     Hex            8%         N/A       17%         1
 Airstrike                Air            10%        2d(2-18)  21%         4
 Confusing Touch          Hex            2%         N/A       45%         3
 Vampiric Draining        Necr           2%         2d6       45%         3


Dungeon Overview and Level Annotations

Branches:
Dungeon (4/15)
 Temple: D:4-7

Altars:

Shops:
D:3 (


Innate Abilities, Weirdness & Mutations

You have a beak for a mouth.
You have claws for feet.


Message History

The sleepcap releases spores at you.
Unknown command.
Casting: Static Discharge (safe; 4% risk of failure)
Confirm with . or Enter, or press ? or * to list all spells.
The sleepcap is struck by an arc of lightning.
The sleepcap is moderately damaged.
You are struck by an arc of lightning.
The lightning grounds out.
The sleepcap closely misses you.
Unknown command.
Casting: Static Discharge (safe; 4% risk of failure)
Confirm with . or Enter, or press ? or * to list all spells.
The sleepcap is struck by an arc of lightning.
The sleepcap is moderately damaged.
You are struck by an arc of lightning.
The sleepcap is struck by an arc of lightning.
The sleepcap is heavily damaged.
You are struck by an arc of lightning.
The lightning grounds out.
The sleepcap misses you. The sleepcap releases spores at you.
You are engulfed in a cloud of soporific spores!
You fall asleep.
You stop ascending the stairs.
The sleepcap releases spores at you!
You wake up.
* * * LOW HITPOINT WARNING * * *
Your magical contamination has completely faded away.
You block the sleepcap's attack.
You climb upwards.
There is a stone staircase leading down here.
Unknown command.
Magic courses through your body. The sleepcap closely misses you.
Casting: Static Discharge (safe; 4% risk of failure)
Confirm with . or Enter, or press ? or * to list all spells.
The sleepcap is struck by an arc of lightning.
The sleepcap is heavily damaged.
You are struck by an arc of lightning.
* * * LOW HITPOINT WARNING * * *
The sleepcap is struck by an arc of lightning.
The sleepcap is heavily damaged.
The lightning grounds out.
The sleepcap releases spores at you.
You die...

......#.# #.# #.#
......#.#################.##
.....รท#....................#
......######################
......###### ...........#
###........#
###........#######
..........<....f@#
###........#.###.##########
#........#.#............#
#........#.#.#.########.#
#........#.#.#.# #.#
##########.#.#.# #.# ######
#.#.#.########.# .....#
#.#..........#.# .....###
#.###.######.#.##


You could see a sleepcap.

Vanquished Creatures
  3 adders
  A dart slug (D:2)
  3 orcs
  3 ball pythons
  4 bats
  5 endoplasms
  4 goblins
  4 hobgoblins
  3 jackals (D:1)
  A kobold (D:2)
  A quokka (D:3)
  6 frilled lizards
  4 rats (D:2)
42 creatures vanquished.

Notes
Turn   | Place    | Note
-------+----------+-------------------------------------------
     0 | D:1      | sasquatch the Tengu Air Elementalist began the quest for
                  | the Orb.
     0 | D:1      | Reached XP level 1. HP: 10/10 MP: 4/4
   325 | D:1      | Reached XP level 2. HP: 15/15 MP: 3/6
   810 | D:1      | Learned a level 2 spell: Static Discharge
   853 | D:1      | Found a faded altar of an unknown god.
  1414 | D:2      | Reached XP level 3. HP: 17/19 MP: 3/7
  1785 | D:2      | Learned a level 3 spell: Swiftness
  2146 | D:3      | Found Sumeceum's Weapon Emporium.
  2259 | D:3      | Reached skill level 5 in Air Magic
  2273 | D:3      | Reached XP level 4. HP: 24/24 MP: 1/8
  3052 | D:3      | HP: 1/24 [/static electricity (1)]
  3052 | D:3      | Slain by a sleepcap

Illustrated notes

Levels and vault maps discovered:
D:1:      dpeg_arrival_radiant, layout_loops_corners,
          hellmonk_ecumenical_altar_run_dry, minmay_liquid_box
D:2:      layout_rooms
D:3:      layout_basic, serial_shops, shop
D:4:      layout_cave_pools, portal_sewer_entry_a

Skill      XL: |  1  2  3 |
---------------+----------+-----
Conjurations   | 2 3 |  3.4
Air Magic      | 5 |  5.2
Dodging        | |  2.1
Stealth        | |  2.0
Spellcasting   | |  2.5

Action                     |  1- 3 |  4- 6 || total
---------------------------+-------+-------++-------
  Melee: Unarmed           |    11 |       ||    11
         Peck              |     1 |       ||     1
         Kick              |     1 |       ||     1
   Cast: Shock             |    61 |    11 ||    72
         Static Discharge  |     3 |     5 ||     8
    Use: Potion            |       |     1 ||     1
 Armour: Robe              |     6 |       ||     6
  Dodge: Dodged            |    20 |     3 ||    23
  Block: Other             |       |     2 ||     2

Table legend: (Time is in decaauts)
 A = Elapsed time spent in this place.
 B = Non-inter-level travel time spent in this place.
 C = Inter-level travel time spent in this place.
 D = Time resting spent in this place.
 E = Time spent auto-exploring this place.
 F = Levels seen in this place.
 G = Mean time per level.
                   A        B        C        D        E       F      G
               +--------+--------+--------+--------+--------+-----+--------+
         Total |   3050 |   2928 |    122 |     56 |   2592 |   4 |  762.5 |
       Dungeon |   3050 |   2928 |    122 |     56 |   2592 |   4 |  762.5 |
               +--------+--------+--------+--------+--------+-----+--------+

Top non-repeatable levels by time:
     D:1: 1367 daAuts
     D:3: 974 daAuts
     D:2: 638 daAuts
     D:4: 70 daAuts
